[Event "*** Titled Tuesday Blitz"]
[Site "Chess.com"]
[Date "2021.03.30"]
[Round "5"]
[White "swimmerchess"]
[Black "Borsuk_Konstantin"]
[Result "1-0"]
[WhiteElo "2833"]
[BlackElo "2670"]
[TimeControl "180+1"]
[EndTime "10:55:47 PDT"]
[Termination "swimmerchess won by resignation"]

1. e4 e6 2. d4 d5 3. Nc3 Bb4 4. e5 b6 5. Qg4 Bf8 6. Bg5 Qd7 7. f4 Ba6 8. Nf3 Ne7 9. O-O-O Nf5 10. Bxa6 Nxa6 11. Rhe1 Bb4 12. Rd3 Bxc3 13. Rxc3 c5 14. dxc5 Nxc5 15. Qh3 Ne4 16. g4 Nxc3 17. gxf5 Ne4 18.
Bh4 exf5 19. Nd4 g6 20. Bf6 Qa4 21. Nb3 Rf8 22. Qxh7 Rc8 23. Kb1 Qc4 24. Rc1 Nxf6 25. exf6 Rc6 26. Qh4 Re6 27. Qg5 Kd7 28. Qh6 Ke8 29.
c3 a5 30. Nd4 Re4 31. Qh3 a4 32. a3 Kd7 33. Qh6 Qd3+ 34. Ka1 Ke8 35. h4 Qd2 36. Rf1 Qd3 37. Rc1 Qd2 38. Rf1 Qd3 39. Rb1 Qe3 40.
h5 Qxf4 41. Qg7 Qg5 42. h6 Re6 43. Nxe6 1-0

[Event "*** Titled Tuesday Blitz"]
[Site "Chess.com"]
[Date "2021.03.30"]
[Round "5"]
[White "CheckThis4"]
[Black "Onischuk_V"]
[Result "0-1"]
[WhiteElo "2617"]
[BlackElo "2887"]
[TimeControl "180+1"]
[EndTime "10:55:47 PDT"]
[Termination "Onischuk_V won by resignation"]

1. d4 Nf6 2. Bg5 e6 3. e4 h6 4. Bxf6 Qxf6 5. c3 d6 6. Bd3 e5 7.
Ne2 g6 8. O-O Bg7 9. f4 Qe7 10.
f5 Nd7 11. fxg6 fxg6 12. Qb3 Nf6 13. Na3 c6 14. Nc4 h5 15. Rae1 b6 16. d5 c5 17. Ne3 O-O 18. Qc2 Bh6 19. Ng3 Bd7 20. a4 Rf7 21. Bb5 Raf8 22. Nc4 Bc8 23. h3 h4 24. Ne2 Nh5 25. Qd1 Bf4 26. Bc6 Rf6 27.
b4 Qh7 28. bxc5 bxc5 29. Qd3 Qh6 30. Rb1 Qg5 31. Rf3 Bg3 32. Rbf1 Bf4 33. Rb1 Ng3 34.
Nxg3 Bxg3 35. Rbf1 Bf4 36. Rb1 Bh2+ 37. Kxh2 Rxf3 38. gxf3 Qg3+ 39. Kh1 Qxh3+ 40. Kg1 Qg3+ 41. Kh1 Qh3+ 42. Kg1 Rxf3 43. Qe2 Rg3+ 44. Kf2 Rg2+ 45. Ke1 Qxc3+ 46. Nd2 Rxe2+ 47. Kxe2 Bg4+ 48. Ke1 Qe3+ 49. Kf1 Qxd2 50. Rb8+ Kg7 51. Rb7+ Kh6 0-1

[Event "*** Titled Tuesday Blitz"]
[Site "Chess.com"]
[Date "2021.03.30"]
[Round "5"]
[White "tsaruk_maks"]
[Black "DenLaz"]
[Result "0-1"]
[WhiteElo "2614"]
[BlackElo "2840"]
[TimeControl "180+1"]
[EndTime "10:55:47 PDT"]
[Termination "DenLaz won by resignation"]

1. e4 e5 2. Nf3 Nc6 3. Bb5 a6 4. Ba4 d6 5. O-O Bd7 6. c3 g6 7. d4 Bg7 8. Re1 Nge7 9. d5 Nb8 10. c4 O-O 11. Bxd7 Nxd7 12. Be3 h6 13. Nfd2 f5 14.
f3 c5 15. dxc6 bxc6 16. Nc3 Nf6 17. b4 d5 18. exd5 cxd5 19. Bc5 d4 20. Nb3 Re8 21.
Rxe5 dxc3 22. Rxe7 Rxe7 23. Qxd8+ Rxd8 24. Bxe7 Rc8 25. Bxf6 Bxf6 26. c5 Kf7 27. Kf2 Ke6 28. Rd1 Be5 29. g3 f4 30. gxf4 Bxf4 31. Nd4+ Ke5 32.
h4 a5 33. a3 axb4 34. axb4 Bd2 35. Nb3 Bf4 36. b5 c2 37. Re1+ Kd5 38. c6 Kc4 39. Nc1 Kxb5 40. Re4 Bxc1 41. Re6 Be3+ 42. Kxe3 c1=Q+ 43. Ke4 0-1

[Event "*** Titled Tuesday Blitz"]
[Site "Chess.com"]
[Date "2021.03.30"]
[Round "5"]
[White "lukazz029"]
[Black "2nd_life"]
[Result "0-1"]
[WhiteElo "2164"]
[BlackElo "2399"]
[TimeControl "180+1"]
[EndTime "10:55:49 PDT"]
[Termination "2nd_life won by resignation"]

1. e4 e5 2. Nf3 Nc6 3. Bb5 a6 4. Ba4 Nf6 5. O-O Be7 6. d3 d6 7.
h3 O-O 8. c3 h6 9. Nbd2 Re8 10.
Re1 Bf8 11. Nf1 g6 12. Ng3 Bg7 13. Nh2 b5 14. Bb3 Be6 15. Bc2 d5 16. Qe2 d4 17.
Ng4 Nxg4 18. hxg4 Qd7 19. f3 dxc3 20. bxc3 b4 21. Bd2 bxc3 22. Bxc3 Nd4 23. Bxd4 Qxd4+ 24. Qf2 c5 25. Qxd4 cxd4 26. Rab1 Rec8 27. Bb3 Bxb3 28. Rxb3 Rc2 29. Re2 Rac8 30. Ra3 Rc1+ 31. Kh2 R8c6 32. Rb2 R1c3 33. Rbb3 Bf8 34. Ra5 Rxb3 35. axb3 f6 36. Ne2 Bb4 37. Ra4 a5 38. Ra2 Kf7 39. Kg3 Ke6 40. Kf2 Kd6 41. g3 Kc7 42. f4 Kb6 43. Kf3 Kb5 44. f5 g5 45.
Kf2 Bc3 46. Ra4 Bd2 47. Rc4 Rxc4 48. dxc4+ Kb4 49. Ng1 Be3+ 50. Kg2 d3 51. Nf3 Kxb3 52. Kf1 Kxc4 53. Ke1 a4 54. Kd1 a3 55. Nxe5+ fxe5 56. f6 a2 0-1

[Event "*** Titled Tuesday Blitz"]
[Site "Chess.com"]
[Date "2021.03.30"]
[Round "5"]
[White "andy_rekt"]
[Black "Klavdia_Nik"]
[Result "1-0"]
[WhiteElo "2303"]
[BlackElo "2024"]
[TimeControl "180+1"]
[EndTime "10:55:49 PDT"]
[Termination "andy_rekt won on time"]

1. d4 Nf6 2. c4 c5 3. d5 b5 4. cxb5 a6 5. bxa6 Bxa6 6. Nc3 d6 7. e4 Bxf1 8. Kxf1 g6 9. g3 Bg7 10. Kg2 O-O 11. Nf3 Ng4 12. h3 Ne5 13. Nxe5 Bxe5 14. f4 Bg7 15. h4 Qa5 16. Bd2 Qb4 17. Qc2 Nd7 18. h5 Rfb8 19. b3 Nf6 20. hxg6 hxg6 21.
Kf3 Qb7 22. Be3 Qc8 23. Rh4 Rb4 24. Rah1 Qb7 25. Qd2 Nd7 26. Qh2 f6 27. Qh3 Nf8 28. Rc1 f5 29. exf5 Bxc3 30. Rxc3 Qxd5+ 31. Kf2 Rxa2+ 32. Ke1 Qe4 33. Rh8+ Kf7 34. Qh7+ Ke8 35. Qxg6+ Kd7 36. Rxf8 Qb1+ 37. Rc1 1-0

[Event "*** Titled Tuesday Blitz"]
[Site "Chess.com"]
[Date "2021.03.30"]
[Round "5"]
[White "Mrlammy"]
[Black "gatocorbis"]
[Result "1-0"]
[WhiteElo "2314"]
[BlackElo "2085"]
[TimeControl "180+1"]
[EndTime "10:55:49 PDT"]
[Termination "Mrlammy won on time"]

1. e4 c5 2. Nf3 d6 3. Bb5+ Bd7 4. Bxd7+ Nxd7 5. O-O Ngf6 6. Re1 g6 7. c3 Bg7 8. d4 cxd4 9. cxd4 O-O 10. Nc3 Nb6 11. Bg5 h6 12. Bh4 g5 13. Bg3 Nh5 14. e5 Nxg3 15.
hxg3 dxe5 16. Nxe5 Nd5 17. Qb3 Nxc3 18. bxc3 Qc7 19.
Rab1 b6 20. Re3 Rac8 21. Ng6 Rfe8 22. Rbe1 e6 23. Ne5 Bxe5 24. dxe5 Qc4 25. Qa3 Rc7 26. Qd6 Qc5 27. Qd2 Qc6 28. Qe2 Rd7 29. Qh5 Kg7 30. Rf3 Qc4 31. Rf6 Rh8 32. Re3 Rh7 33. Ref3 Qc7 34.
Kh2 Kg8 35. Rxh6 Rxh6 36. Qxh6 Qxe5 37. Qh5 Qh8 38. Qxh8+ Kxh8 39. c4 Kg7 40. Ra3 f5 41. Rc3 Kf6 42. c5 bxc5 43. Rxc5 Rd2 44. Ra5 1-0

[Event "*** Titled Tuesday Blitz"]
[Site "Chess.com"]
[Date "2021.03.30"]
[Round "5"]
[White "moro182"]
[Black "BigAl"]
[Result "1-0"]
[WhiteElo "2723"]
[BlackElo "2493"]
[TimeControl "180+1"]
[EndTime "10:55:51 PDT"]
[Termination "moro182 won by resignation"]

1. d4 Nf6 2. c4 g6 3. Nc3 Bg7 4. e4 O-O 5. Bd3 d6 6. Nge2 Nc6 7. O-O Nh5 8. Bc2 e5 9. d5 Ne7 10. Be3 f5 11. exf5 gxf5 12. Ng3 Nxg3 13. fxg3 Ng6 14. Qh5 e4 15. Rf2 Ne5 16. Bg5 Qe8 17. Qxe8 Rxe8 18.
Nb5 Nxc4 19. Nxc7 Bd7 20. Nxe8 Rxe8 21. Re2 Nxb2 22. Rb1 Bb5 23. Ree1 b6 24. Bf4 Bd3 25. Rxb2 Bxb2 26. Bxd3 Bd4+ 27. Kf1 Rc8 28. Bb1 Rc5 29. g4 Rxd5 30. gxf5 Rxf5 31. Rxe4 Bc5 32. Re8+ Rf8 33. Bxh7+ Kg7 34. Rxf8 Kxf8 35. Be4 b5 36. h4 a5 37. g4 a4 38. h5 b4 39. Bd5 Bd4 40. g5 Ke7 41. h6 b3 42. axb3 a3 43. b4 Be5 44.
Bxe5 dxe5 45. h7 Kd6 46. Ba2 e4 47. h8=Q 1-0

[Event "*** Titled Tuesday Blitz"]
[Site "Chess.com"]
[Date "2021.03.30"]
[Round "5"]
[White "CM_rui"]
[Black "Iball95"]
[Result "1-0"]
[WhiteElo "2450"]
[BlackElo "2652"]
[TimeControl "180+1"]
[EndTime "10:55:51 PDT"]
[Termination "CM_rui won on time"]

1. e4 c5 2. Nf3 g6 3. c4 Nc6 4. d4 cxd4 5. Nxd4 Nf6 6. Nc3 d6 7. Be2 Nxd4 8. Qxd4 Bg7 9. Be3 O-O 10. Qd2 a5 11. O-O a4 12. f3 Bd7 13. Rac1 Bc6 14.
Rfd1 Qa5 15. Nd5 Nxd5 16. Qxa5 Rxa5 17. cxd5 Bb5 18. Rd2 Bxe2 19. Rxe2 Rb5 20. Rc7 Re8 21. Rcc2 f5 22. Kf2 fxe4 23. fxe4 e6 24. Rc7 exd5 25. exd5 Bxb2 26. Rec2 Be5 27. Rd7 Rxd5 28. Rxb7 Bxh2 29.
Rcc7 Rf5+ 30. Ke2 Be5 31. g4 Rf6 32. Rg7+ Kf8 33. Rxh7 Rfe6 34. Kd3 R6e7 35. Bh6+ Bg7 36. Rh8+ Kf7 37. Rh7 Kf6 38. Rxg7 1-0

[Event "*** Titled Tuesday Blitz"]
[Site "Chess.com"]
[Date "2021.03.30"]
[Round "5"]
[White "Kapibara_Warri0r"]
[Black "Sueetin"]
[Result "0-1"]
[WhiteElo "2242"]
[BlackElo "2427"]
[TimeControl "180+1"]
[EndTime "10:55:51 PDT"]
[Termination "Sueetin won on time"]

1. c4 e5 2. Nc3 Bb4 3. Nd5 a5 4. a3 Bc5 5. e3 c6 6. d4 Bd6 7. Nc3 Nf6 8. c5 Bc7 9. Bc4 O-O 10.
Nge2 exd4 11. exd4 d5 12. Bd3 Bg4 13. O-O h6 14. f3 Bh5 15. Bf4 Nbd7 16. Qe1 Bg6 17. Bxg6 fxg6 18. Qg3 Nh5 19. Bxc7 Nxg3 20. Bxd8 Nxe2+ 21. Nxe2 Rfxd8 22. Nf4 Nf8 23. Rfe1 Re8 24. Kf2 g5 25. Ne2 Kf7 26. Nc3 Ne6 27. Rad1 Nf4 28. g3 Rxe1 29. Kxe1 Re8+ 30. Kf2 Ne6 31. Ne2 Kf6 32.
Rd3 a4 33. Nc3 Ra8 34. Nd1 Ra5 35. Ne3 h5 36. Ke2 Rb5 37. Nd1 g6 38. Kd2 h4 39.
Kc2 Kf5 40. Nc3 Ra5 41. Ne2 Ra8 42. Re3 Rh8 43. Re5+ Kf6 44. Kd3 Nxc5+ 0-1

[Event "*** Titled Tuesday Blitz"]
[Site "Chess.com"]
[Date "2021.03.30"]
[Round "5"]
[White "BahadirOzen"]
[Black "scarabee43"]
[Result "1-0"]
[WhiteElo "2775"]
[BlackElo "2573"]
[TimeControl "180+1"]
[EndTime "10:55:52 PDT"]
[Termination "BahadirOzen won by resignation"]

1. g3 Nf6 2. Nf3 d6 3. d4 Nbd7 4. Bg2 e5 5. c4 Be7 6. O-O O-O 7.
Nc3 c6 8. Qc2 Qc7 9. Rd1 Re8 10.
b3 Nf8 11. h3 Ng6 12. e4 Bf8 13. Bg5 Be7 14. Rac1 h6 15. Be3 Be6 16. d5 Bd7 17.
dxc6 Bxc6 18. b4 a6 19. a3 Rac8 20. Qd3 Qb8 21. Nd2 Bf8 22. Nb3 b6 23. Kh2 Nd7 24.
Nd5 Ne7 25. Nc3 Ng6 26. Kg1 Qa8 27. Rc2 Rc7 28. Nd5 Bxd5 29. cxd5 Rxc2 30. Qxc2 Rc8 31.
Qd3 Rc7 32. Bf1 Ne7 33. Rc1 Rxc1 34. Bxc1 f5 35. exf5 Qxd5 36. Qxd5+ Nxd5 37. Bxa6 Ne7 38. g4 Kf7 39. Bb5 Nf6 40. a4 d5 41. a5 Nc8 42.
Ba6 Bxb4 43. Bxc8 bxa5 44. f3 a4 45. Na1 d4 46. Nc2 Bc3 47. Ba6 Nd7 48. Kf1 Nc5 49.
Bc4+ Ke8 50. Ke2 Kd7 51. Bb5+ Kd6 52. Ba3 Kd5 53. Bxc5 Kxc5 54. Bxa4 Kc4 55. Ne1 Bxe1 56. Kxe1 Kd3 57. Kf2 e4 58. Bb5+ Kc3 59. fxe4 d3 60. Ke3 d2 61. Ba4 1-0

[Event "*** Titled Tuesday Blitz"]
[Site "Chess.com"]
[Date "2021.03.30"]
[Round "5"]
[White "Grandmaster1369"]
[Black "mbojan"]
[Result "0-1"]
[WhiteElo "2430"]
[BlackElo "2665"]
[TimeControl "180+1"]
[EndTime "10:55:52 PDT"]
[Termination "mbojan won by resignation"]

1. e4 g6 2. d4 Bg7 3. Nc3 d6 4. f4 a6 5. Nf3 b5 6. Bd3 Nd7 7. O-O c5 8. dxc5 Nxc5 9. a4 b4 10. Nd5 Nxd3 11. cxd3 e6 12. Ne3 Ne7 13. Rb1 O-O 14. b3 d5 15. e5 a5 16. Nd4 Ba6 17.
Ng4 Nf5 18. Bb2 h5 19. Nxf5 exf5 20. Nf2 d4 21. Rc1 Qd5 22. Rc4 Bb7 23. Ne4 fxe4 24. Rxd4 Qc5 25. Kh1 exd3 26. Qxd3 Qc6 27. Rf2 Rac8 28. h3 Ba6 29. Qg3 Rcd8 30. f5 Rxd4 31. Bxd4 Qe4 32. Rf4 Qb1+ 33. Kh2 Bd3 34. f6 Bh6 35.
Rf2 Bf5 36. Be3 Bxe3 37. Qxe3 Kh7 38. Qg5 Be6 39. g4 Qd1 40. gxh5 Qxh5 41. Qe3 Rc8 42. Rf3 Rc3 0-1

[Event "*** Titled Tuesday Blitz"]
[Site "Chess.com"]
[Date "2021.03.30"]
[Round "5"]
[White "GelmanAlexander"]
[Black "Tpros"]
[Result "1-0"]
[WhiteElo "2637"]
[BlackElo "2458"]
[TimeControl "180+1"]
[EndTime "10:55:52 PDT"]
[Termination "GelmanAlexander won by checkmate"]

1. d4 Nf6 2. Nc3 d5 3. Bf4 Bf5 4. f3 h6 5. g4 Bg6 6. h4 e6 7. e3 a6 8. h5 Bh7 9. Bd3 c5 10. Bxh7 Nxh7 11. Nge2 Nc6 12. Qd2 Rc8 13. O-O-O c4 14.
e4 b5 15. exd5 exd5 16. Qe3+ Be7 17. Ng3 O-O 18. Nf5 Bg5 19. Bxg5 hxg5 20. Kb1 Re8 21. Qf2 Qd7 22. Qh2 Re6 23. f4 Rce8 24. h6 g6 25. Ng7 b4 26. Nxe6 bxc3 27. Nxg5 Qb7 28.
b3 Qb4 29. Qg3 Qa5 30. Nxh7 Nb4 31. Nf6+ Kh8 32. Qxc3 Qxa2+ 33. Kc1 Re2 34. Rd2 Qa3+ 35. Kd1 Rxd2+ 36. Kxd2 Na2 37. Re1 Qa5 38. Re8# 1-0

[Event "*** Titled Tuesday Blitz"]
[Site "Chess.com"]
[Date "2021.03.30"]
[Round "5"]
[White "Reader777"]
[Black "crazyluzhinTh3"]
[Result "1/2-1/2"]
[WhiteElo "2712"]
[BlackElo "2521"]
[TimeControl "180+1"]
[EndTime "10:55:53 PDT"]
[Termination "Game drawn by repetition"]

1. d4 d6 2. Nf3 Bg4 3. e3 Nd7 4. h3 Bh5 5. Be2 Ngf6 6. O-O e5 7. c4 c6 8. Nc3 Be7 9. b3 O-O 10. Bb2 Re8 11. dxe5 dxe5 12. Nh4 Bg6 13. Nxg6 hxg6 14. Qc2 Qc7 15. Rad1 a5 16. Ne4 Nc5 17. Nxf6+ Bxf6 18. Ba3 Be7 19. Bb2 Bf6 20. Bc3 e4 21. Bd4 Qe7 22.
Rd2 Na6 23. Rfd1 Nb4 24. Qb1 Rad8 25. a3 Bxd4 26. Rxd4 Rxd4 27. exd4 Na6 28. c5 Nc7 29. Bc4 Kf8 30. Re1 f5 31. Qc2 Rd8 32. Qc3 a4 33. bxa4 Qf6 34. Qa5 Rd7 35. Rb1 Qxd4 36. Ba2 e3 37. fxe3 Qxe3+ 38. Kh1 Nd5 39. Bxd5 cxd5 40.
Rxb7 Qc1+ 41. Kh2 Qf4+ 42. Kh1 Qc1+ 43. Kh2 Qf4+ 44. Kh1 Qf1+ 45. Kh2 Qf4+ 1/2-1/2

[Event "*** Titled Tuesday Blitz"]
[Site "Chess.com"]
[Date "2021.03.30"]
[Round "5"]
[White "LileKoridze"]
[Black "Vuk2000"]
[Result "0-1"]
[WhiteElo "2504"]
[BlackElo "2732"]
[TimeControl "180+1"]
[EndTime "10:55:53 PDT"]
[Termination "Vuk2000 won by resignation"]

1. d4 Nf6 2. c4 e6 3. Nf3 b6 4. g3 Ba6 5. b3 Bb4+ 6. Bd2 Be7 7. Bg2 c6 8. O-O d5 9. Qc2 Nbd7 10. Nc3 O-O 11. e4 dxc4 12. bxc4 Bxc4 13. Rfe1 b5 14. Bf4 a5 15. Nd2 Nb6 16. Nxc4 Nxc4 17. Rad1 Bb4 18. Rf1 Qb6 19. Ne2 e5 20. dxe5 Ng4 21. Nd4 Bc5 22.
Nf5 Rad8 23. Bf3 Ncxe5 24. Bxg4 Nxg4 25. Rxd8 Rxd8 26. h3 Nxf2 27. Rxf2 Bxf2+ 28. Qxf2 Rd1+ 29. Kg2 Qxf2+ 30. Kxf2 c5 31. Ne7+ Kf8 32. Nd5 Ra1 33. Bd6+ Ke8 34. Bxc5 Rxa2+ 35. Ke3 Kd7 36. Bd4 Ra3+ 37.
Kf4 f6 38. Nc3 b4 39. Nb5 Rd3 40. Bb6 a4 41. Ba5 b3 42. Bc3 a3 43. Ba1 0-1

[Event "*** Titled Tuesday Blitz"]
[Site "Chess.com"]
[Date "2021.03.30"]
[Round "5"]
[White "Vaathi_Coming"]
[Black "VD_coach"]
[Result "1-0"]
[WhiteElo "2796"]
[BlackElo "2479"]
[TimeControl "180+1"]
[EndTime "10:55:53 PDT"]
[Termination "Vaathi_Coming won on time"]

1. c4 Nf6 2. Nc3 g6 3. g3 Bg7 4. Bg2 O-O 5. e4 d6 6. Nge2 e5 7. d4 Nbd7 8. O-O c6 9. f4 exd4 10. Nxd4 Re8 11. Kh1 Nc5 12. Re1 Ng4 13. Re2 Qf6 14. Nb3 Nxb3 15. axb3 Qd4 16. Qe1 Qb6 17. h3 Nf6 18. Na4 Qxb3 19. Ra3 Qxc4 20. Nb6 axb6 21.
Rxa8 h5 22. f5 Kh7 23. Bf4 d5 24. e5 Ne4 25. f6 Bxf6 26. Bxe4 dxe4 27. exf6 e3 28.
Rxe3 Qd5+ 29. Kh2 Bxh3 30. Kxh3 Rxa8 31. Re5 Qf3 32. Re7 g5 33. Rxf7+ Kh6 34. Bxg5+ Kxg5 35. Rg7+ 1-0

[Event "*** Titled Tuesday Blitz"]
[Site "Chess.com"]
[Date "2021.03.30"]
[Round "5"]
[White "Abund"]
[Black "doctorcristian"]
[Result "1-0"]
[WhiteElo "2741"]
[BlackElo "2559"]
[TimeControl "180+1"]
[EndTime "10:55:56 PDT"]
[Termination "Abund won by checkmate"]

1. e4 c6 2. d4 d5 3. e5 Bf5 4. Nd2 e6 5. Nb3 a6 6. Nf3 h6 7. Be2 Nd7 8. O-O c5 9. Be3 c4 10. Nbd2 b5 11. c3 Ne7 12. Nh4 Bh7 13. f4 Nb6 14. b3 Nc6 15. Nhf3 Ba3 16. Qe1 Bb2 17. Qg3 O-O 18. f5 Bxf5 19. Bxh6 Bg6 20. Bg5 Qe8 21. Nh4 Bxa1 22. Rxa1 b4 23. bxc4 bxc3 24. Qxc3 dxc4 25. Nxc4 Nd5 26. Qd2 Ncb4 27. Nd6 Qa4 28. Nxg6 fxg6 29. Bg4 Rf5 30. Bxf5 gxf5 31. h3 Qa3 32. Qe2 Qc3 33. Rd1 g6 34. Qf2 Qc2 35. Rd2 Qe4 36. Kh2 Qb1 37. Qh4 Ra7 38. Bf6 Rh7 39. Qg5 f4 40. Qg4 Rh6 41. Qxe6+ Kh7 42. Qf7# 1-0

[Event "*** Titled Tuesday Blitz"]
[Site "Chess.com"]
[Date "2021.03.30"]
[Round "5"]
[White "oogee"]
[Black "kubal123"]
[Result "1-0"]
[WhiteElo "2376"]
[BlackElo "2230"]
[TimeControl "180+1"]
[EndTime "10:55:56 PDT"]
[Termination "oogee won by resignation"]

1. d4 Nf6 2. c4 g6 3. Nc3 d5 4. Bd2 Bg7 5. cxd5 Nxd5 6. e4 Nxc3 7. Bxc3 O-O 8. Bc4 c5 9. d5 Bxc3+ 10. bxc3 Qa5 11.
Ne2 b6 12. O-O Nd7 13. f4 Ba6 14. Qd3 b5 15. Bb3 c4 16. Qd4 cxb3 17. axb3 Qb6 18. Kh1 Bb7 19. Qd3 Nc5 20. Qb1 f5 21. exf5 Rxf5 22. Nd4 Rxd5 23. f5 Rf8 24. Qc2 b4 25.
Rae1 bxc3 26. Qxc3 Qf6 27. Rf4 g5 28. Rg4 h5 29.
Rg3 Qxd4 30. Rxg5+ Kf7 31. Qf3 Rh8 32. f6 Re5 33.
Rg7+ Ke8 34. Rxe7+ Rxe7 35. Rxe7+ Kf8 36. Qf1 Qd5 37. Rg7 Nd3 38. Qe2 Nf2+ 39. Qxf2 Qd1+ 40. Qg1 Qxg1+ 41. Kxg1 Bd5 42. Rxa7 Bxb3 43. Ra8+ Kf7 44. Rxh8 Kxf6 45. Rxh5 Kg6 46. Rh3 Kf6 47. Rxb3 Ke6 48. Rf3 Kd6 1-0

[Event "*** Titled Tuesday Blitz"]
[Site "Chess.com"]
[Date "2021.03.30"]
[Round "5"]
[White "Jumbo"]
[Black "chess94cu"]
[Result "1-0"]
[WhiteElo "2804"]
[BlackElo "2588"]
[TimeControl "180+1"]
[EndTime "10:55:58 PDT"]
[Termination "Jumbo won on time"]

1. d4 Nf6 2. Nf3 e6 3. Bf4 c5 4. e3 b6 5. Nc3 a6 6. e4 Bb7 7.
Qd3 d5 8. e5 Ne4 9. Qe3 Be7 10.
h4 Nd7 11. Rd1 Qc7 12. Nxe4 dxe4 13. Nd2 cxd4 14. Qxd4 Nc5 15. Nc4 O-O 16. Be2 Rad8 17. Nd6 b5 18. O-O Bd5 19. c4 bxc4 20. Bxc4 Ba8 21. Rc1 Qb6 22. Be2 Nd7 23. Qxb6 Nxb6 24. Bxa6 f6 25. Nc4 Nd5 26. Bd2 f5 27. h5 f4 28. Bb5 Rb8 29. a4 Bg5 30. Rce1 e3 31.
fxe3 fxe3 32. Rxf8+ Rxf8 33. Nxe3 Nf4 34. Rf1 Rd8 35.
Bc1 Nxh5 36. Ng4 Bxc1 37. Rxc1 Nf4 38. Ne3 Rd4 39. Rc8+ 1-0

[Event "*** Titled Tuesday Blitz"]
[Site "Chess.com"]
[Date "2021.03.30"]
[Round "5"]
[White "alexrustemov"]
[Black "bait_or_mate"]
[Result "1-0"]
[WhiteElo "2728"]
[BlackElo "2530"]
[TimeControl "180+1"]
[EndTime "10:55:58 PDT"]
[Termination "alexrustemov won on time"]

1. d4 Nf6 2. c4 e6 3. Nf3 b6 4. a3 Bb7 5. Nc3 d5 6. Bg5 dxc4 7. e4 h6 8. Bxf6 Qxf6 9. Bxc4 Nd7 10. O-O Be7 11.
e5 Qf4 12. Qe2 O-O 13. d5 exd5 14. Nxd5 Bxd5 15. Bxd5 Rad8 16. Rad1 Nc5 17. Rd4 Qf5 18. Rfd1 Ne6 19. R4d2 Nf4 20. Qe4 Qxe4 21. Bxe4 Ne6 22. Rd7 Nc5 23. Rxd8 Rxd8 24. Rxd8+ Bxd8 25. Bc2 Kf8 26. Nd4 Ne6 27. Nc6 a5 28. g3 Be7 29. Kf1 Bc5 30. b4 axb4 31. axb4 Nd4 32. bxc5 Nxc6 33. cxb6 cxb6 34. f4 Ke7 35. Kf2 f6 36. exf6+ Kxf6 37. Ke3 g6 38. h4 h5 39. Be4 Ne7 40. Bd3 Nf5+ 41. Kf3 Nd4+ 42. Ke3 Ne6 43. f5 gxf5 44. Be2 Kg6 45. Bc4 1-0

[Event "*** Titled Tuesday Blitz"]
[Site "Chess.com"]
[Date "2021.03.30"]
[Round "5"]
[White "skeyman"]
[Black "PavelChernomordik"]
[Result "0-1"]
[WhiteElo "2224"]
[BlackElo "2373"]
[TimeControl "180+1"]
[EndTime "10:55:58 PDT"]
[Termination "PavelChernomordik won by resignation"]

1. Nf3 g6 2. c4 Bg7 3. Nc3 d6 4.
b3 e5 5. d3 f5 6. Bb2 Nf6 7. h4 c5 8. Qc2 Nc6 9. a3 O-O 10. Rd1 Re8 11. e3 h6 12. Be2 Be6 13.
O-O Ng4 14. Nd5 Bxd5 15. cxd5 Ne7 16. e4 f4 17. b4 b6 18. Nd4 exd4 19. Bxg4 Be5 20. h5 Kh7 21. hxg6+ Nxg6 22. f3 Qg5 23. Kf2 Kg7 24. Rh1 Qe7 25. Rh5 Bf6 26. Rdh1 Bg5 27. Qc4 Ne5 28. Qa6 Nxg4+ 29. fxg4 Qd7 30. Kf3 Rg8 31.
Bc1 Kg6 32. Bxf4 Raf8 33. g3 Qf7 34. Rxh6+ Bxh6 35. Rxh6+ Kg7 36. Rxd6 Rh8 37. Qb5 Rd8 38. Qc6 Rxd6 39. Qxd6 Re8 40. g5 c4 41. dxc4 Qh5+ 42.
Kg2 Qe2+ 43. Kg1 Qxe4 44. Qf6+ Kg8 45. Qg6+ Qxg6 0-1

[Event "*** Titled Tuesday Blitz"]
[Site "Chess.com"]
[Date "2021.03.30"]
[Round "5"]
[White "SoldierOfGod1"]
[Black "JoliyRoger"]
[Result "1/2-1/2"]
[WhiteElo "2511"]
[BlackElo "2380"]
[TimeControl "180+1"]
[EndTime "10:55:59 PDT"]
[Termination "Game drawn by repetition"]

1. c4 c5 2. Nf3 e6 3. g3 Nf6 4. Bg2 Be7 5. O-O O-O 6. d4 cxd4 7. Nxd4 Nc6 8. Nc3 Ne5 9. b3 d6 10. Bb2 a6 11. h3 Qc7 12. Rc1 Rb8 13. a4 Re8 14. Kh2 Bf8 15. f4 Ng6 16. e4 b6 17.
f5 Ne5 18. fxe6 fxe6 19. Qe2 Bb7 20. Rf2 Ba8 21. Rcf1 Nfd7 22. Qh5 Nc5 23. Ba1 g6 24. Qh4 Bg7 25. Rd2 Qe7 26. Qxe7 Rxe7 27. Nde2 Nxb3 28.
Rxd6 Nxa1 29. Rxa1 Nxc4 30. Rdd1 Ne3 31. Rd6 Be5 32.
Rd3 Nxg2 33. Kxg2 b5 34. axb5 axb5 35. Re1 b4 36. Rb1 Rc7 37. Kh2 Rf8 38. Rxb4 Bb7 39. Nd1 Rc2 40. Rxb7 Rxe2+ 41. Kg1 Bd6 42. Rxd6 Re1+ 43.
Kg2 Re2+ 44. Kg1 Re1+ 45. Kg2 Re2+ 46. Kg1 1/2-1/2

[Event "*** Titled Tuesday Blitz"]
[Site "Chess.com"]
[Date "2021.03.30"]
[Round "5"]
[White "pavelalexandru07"]
[Black "FGHSMN"]
[Result "1-0"]
[WhiteElo "2303"]
[BlackElo "2637"]
[TimeControl "180+1"]
[EndTime "10:55:59 PDT"]
[Termination "pavelalexandru07 won by checkmate"]

1. e4 c5 2. Nf3 e6 3. d4 cxd4 4.
Nxd4 a6 5. c4 Nf6 6. Nc3 Qc7 7.
Be2 Bb4 8. f3 Nc6 9. Nxc6 bxc6 10.
Be3 O-O 11. O-O d5 12. cxd5 cxd5 13. exd5 Bxc3 14. d6 Qc6 15. bxc3 Nd5 16. Bd4 Qxd6 17. Kh1 Qc6 18. Qb3 Bd7 19. Rab1 Rac8 20. Rfc1 Nf4 21. Bf1 Qd6 22. Qb6 Rc6 23. Qb7 Rfc8 24. Rb6 Rxb6 25.
Qxb6 Qe7 26. Bxa6 Nd5 27. Qb2 Ra8 28. Bb7 Rb8 29. Be5 Re8 30. Bxd5 exd5 31. Bg3 h5 32.
Qf2 Qg5 33. Re1 Rc8 34. Be5 h4 35. Bd4 h3 36. g3 Rb8 37. Qe2 Bf5 38. Qf2 Qg6 39.
Kg1 Bd3 40. Qd2 Bc4 41. Qf4 Rb2 42. Re8+ Kh7 43. Qh4+ Qh6 44. Rh8+ Kg6 45. Rxh6+ gxh6 46. Qf6+ Kh5 47. Qf5# 1-0

[Event "*** Titled Tuesday Blitz"]
[Site "Chess.com"]
[Date "2021.03.30"]
[Round "5"]
[White "TorFredrikKaasen"]
[Black "BrandonJacobson"]
[Result "0-1"]
[WhiteElo "2739"]
[BlackElo "2974"]
[TimeControl "180+1"]
[EndTime "10:56:00 PDT"]
[Termination "BrandonJacobson won by checkmate"]

1. Nf3 d5 2. g3 Nd7 3. d4 Nb6 4. Bg2 Bf5 5. O-O h6 6. Re1 e6 7. Nbd2 Nf6 8. c3 Be7 9. Ne5 O-O 10. e4 dxe4 11. Nxe4 Nxe4 12. Bxe4 Bxe4 13. Rxe4 c5 14. Qh5 f5 15. Re2 cxd4 16. cxd4 Bf6 17. Bd2 Qd5 18.
Bb4 Bxe5 19. Rxe5 Qxd4 20. Bc3 Qd7 21. Rae1 Rae8 22. Qe2 Rf6 23. Rc5 Rf7 24. Qe5 Kh7 25. h4 Rfe7 26. Qe2 Nd5 27. Be5 b6 28. Rc4 Rc8 29.
Rec1 Rxc4 30. Qxc4 Qe8 31. a4 Qh5 32. a5 bxa5 33.
Qc6 Qf3 34. Qa8 Rf7 35. Qe8 Qh5 36. Rc8 f4 37. Qxe6 fxg3 38. Bxg3 Nf6 39. Qd6 Qg6 40.
Qd8 Qb1+ 41. Kh2 Ng4+ 42. Kg2 Qe4+ 43. Kg1 Qe1+ 44. Kg2 Rxf2+ 45. Bxf2 Qxf2+ 46. Kh3 Qf3# 0-1

[Event "*** Titled Tuesday Blitz"]
[Site "Chess.com"]
[Date "2021.03.30"]
[Round "5"]
[White "chessmachine14"]
[Black "BlackWidow515"]
[Result "1-0"]
[WhiteElo "2329"]
[BlackElo "2186"]
[TimeControl "180+1"]
[EndTime "10:56:00 PDT"]
[Termination "chessmachine14 won on time"]

1. e4 e5 2. Nf3 Nc6 3. Bb5 a6 4. Ba4 Nf6 5. O-O Be7 6. Re1 b5 7. Bb3 d6 8. c3 O-O 9. d4 Bg4 10. Be3 exd4 11. cxd4 Na5 12. Bc2 c5 13. d5 Nc4 14. Bc1 Ne5 15. Nbd2 Re8 16. h3 Bh5 17. Re3 Bf8 18. Qf1 Ng6 19. g4 Nxg4 20. hxg4 Bxg4 21.
Qg2 Bd7 22. e5 Nxe5 23. Nxe5 dxe5 24. Nf3 f6 25. Nh4 Qc8 26. Rg3 Ra7 27. Bh6 Re7 28. d6 Rf7 29. Qe4 f5 30. Qxe5 Qc6 31. Rd1 c4 32.
Nxf5 Bxf5 33. Bxf5 Kh8 34. d7 Qxh6 35. d8=Q b4 36. Qee8 Kg8 37. Be6 c3 38. Rd7 Rxd7 39. Qdxd7 Qc1+ 40. Kg2 Qf4 41. Qdxf7+ 1-0